 Dungeon Crawl Stone Soup version 0.26.0-18-gc5c842f807 (webtiles) character file.

Game seed: 8660598547635738279

36470 112233 the Nimble (level 13, -11/105 HPs)
             Began as a Merfolk Venom Mage on Jan 23, 2021.
             Was a High Priest of Ashenzari.
             Killed from afar by an ice dragon (65 damage)
             ... with a blast of cold
             ... on level 15 of the Dungeon.
             The game lasted 00:27:16 (27321 turns).

112233 the Nimble (Merfolk Venom Mage)             Turns: 27321, Time: 00:27:16

Health: -11/105    AC:  8    Str:  7    XL:     13   Next: 90%
Magic:  16/26      EV: 24    Int: 18    God:    Ashenzari [*****.]
Gold:   595        SH:  0    Dex: 21    Spells: 6/31 levels left

rFire    . . .     SeeInvis +   B - +4 bardiche (venom) (curse)
rCold    . . .     Faith    .   (shield currently unavailable)
rNeg     . . .     Spirit   .   a - +0 robe
rPois    .         Reflect  .   (no helmet)
rElec    .         Harm     .   (no cloak)
rCorr    .         Rampage  .   y - +0 pair of gloves (curse)
Will     .....     Clarity  +   H - +0 pair of boots (curse)
Stlth    ++........             E - amulet of the acrobat (curse)
HPRegen  0.27/turn              h - +6 ring of dexterity (curse)
MPRegen  0.20/turn              s - +4 ring of protection (curse)

@: no status effects
A: change form in water, swift swim, stealthy swim, weak 1
a: Renounce Religion, Curse Item, Scrying, Transfer Knowledge


You were on level 15 of the Dungeon.
You worshipped Ashenzari.
Ashenzari was extremely pleased with you.
You visited 2 branches of the dungeon, and saw 17 of its levels.

You collected 1573 gold pieces.
You spent 978 gold pieces at shops.

Inventory:

Hand Weapons
 i - a +2 short sword of flaming
 B - a cursed +4 bardiche of venom (weapon)
 J - the +2 hand axe of the Seven Youths {elec, rF- rC+++ Will- Dex+9}
   (You found it on level 6 of the Dungeon)

   Occasionally, upon striking a foe, it can discharge electrical energy and
   cause terrible harm.
   It affects your dexterity (+9).
   It makes you vulnerable to fire.
   It renders you almost immune to cold.
   It affects your willpower, your defense against some magical effects.
Missiles
 j - 21 javelins
 r - 60 poisoned darts
Armour
 a - a +0 robe (worn)
 y - a cursed +0 pair of gloves (worn)
 H - a cursed +0 pair of boots (worn)
 I - a +0 buckler
 O - the +1 leather armour of Going Fast {Harm}
   (You found it on level 8 of the Dungeon)

   It increases damage dealt and taken.
 X - the +4 ring mail of Zin's Regard {Rampage Will+}
   (You found it on level 13 of the Dungeon)

   It affects your willpower, your defense against some magical effects.
   It bestows one free step when moving towards enemies.
 Y - a scarf of harm
Jewellery
 f - an uncursed ring of stealth
 h - a cursed +6 ring of dexterity (left hand)
 n - the ring "Siliol" {rPois rC- MP+9 Dex+4}
   (You found it on level 14 of the Dungeon)

   [ring of magical power]

   It affects your dexterity (+4).
   It makes you vulnerable to cold.
   It protects you from poison.
   It affects your magic capacity (+9).
 s - a cursed +4 ring of protection (right hand)
 z - an uncursed ring of stealth
 C - an uncursed ring of protection from cold
 E - a cursed amulet of the acrobat (around neck)
 G - an uncursed ring of wizardry
 N - an uncursed ring of flight
 U - an uncursed ring of poison resistance
 Z - an uncursed ring of willpower
Wands
 e - a wand of flame (59) (quivered)
 A - a wand of random effects (20)
 V - a wand of polymorph (18)
Scrolls
 b - a scroll of summoning
 d - a scroll of enchant weapon
 g - 4 scrolls of fog
 l - 4 scrolls of identify {@r1}
 t - 3 scrolls of blinking
 x - 6 scrolls of remove curse {@r2}
 D - 2 scrolls of teleportation {@r3}
 F - 5 scrolls of immolation
 L - 2 scrolls of enchant armour
 P - 3 scrolls of magic mapping
 Q - 2 scrolls of random uselessness
 R - 3 scrolls of amnesia
 S - a scroll of torment
Potions
 m - 3 potions of magic
 p - 5 potions of attraction
 q - a potion of lignification
 u - 2 potions of curing {@q1}
 v - 2 potions of ambrosia
 w - 2 potions of brilliance
 K - 2 potions of resistance
 M - 5 potions of flight
 T - 2 potions of cancellation
 W - a potion of might
Miscellaneous
 k - a phial of floods
 o - a condenser vane (inert)


   Skills:
 + Level 10.9 Fighting
 * Level 12.4(17.2) Polearms
 + Level 12.9 Dodging
 - Level 2.1 Stealth
 + Level 9.5 Spellcasting
 + Level 3.1(6.6) Conjurations
 + Level 3.7(7.4) Summonings
 - Level 9.0(12.9) Transmutations
 + Level 4.2(8.0) Ice Magic
 + Level 5.8(9.8) Air Magic
 - Level 6.9(11.0) Poison Magic
 + Level 2.5(5.7) Evocations


You had 6 spell levels left.
You knew the following spells:

 Your Spells              Type           Power        Failure   Level
a - Sting                 Tmut/Pois      100%         1%          1
b - Poisonous Vapours     Pois/Air       92%          1%          2
c - Ignite Poison         Fire/Tmut/Pois 37%          1%          3
d - Olgreb's Toxic Radia  Pois           48%          1%          4
e - Mephitic Cloud        Conj/Pois/Air  41%          1%          3
f - Freezing Cloud        Conj/Ice/Air   19%          41%         6
g - Shadow Creatures      Summ           N/A          52%         6

Your spell library contained the following spells:

 Spells                   Type           Power        Failure   Level
 Shock                    Conj/Air       100%         1%          1
 Summon Small Mammal      Summ           100%         1%          1
 Blade Hands              Tmut           26%          1%          5
 Ensorcelled Hibernation  Hex/Ice        48%          2%          2
 Metabolic Englaciation   Hex/Ice        12%          36%         5
 Dragon Form              Tmut           26%          34%         7


Dungeon Overview and Level Annotations

Branches:
Dungeon (15/15)            Temple (0/1) D:5            Lair (0/6) D:11
    Orc (2/2) D:12            Elf (0/3) Orc:2
 Vaults: D:13-14     Depths: D:15

Altars:
Ashenzari
Hepliaklqana
Nemelex Xobeh
Okawaru
Sif Muna
Trog
Vehumet
Wu Jian
Xom
Zin
The Shining One
Beogh

Shops:
D:8 ?   D:11 =   Orc:1 }   Orc:2 =?[}

Annotations:
D:3 1 runed translucent door, Crazy Yiuf
D:11 1 runed translucent door, Quickbrownfox's ghost, journeyman DsIE


Innate Abilities, Weirdness & Mutations

You revert to your normal form in water.
You are very nimble and swift while swimming.
You are very stealthy in the water. (Stealth+)
You are weak. (Str -2)


Message History

Casting: Sting (safe; 1% risk of failure)
You ignite the poison in your surroundings!
The ice dragon seems to burn from within!!!
You kill the ice dragon!
The ice dragon closely misses you. The ice dragon barely misses you.
The ice dragon completely misses you.
Casting: Ignite Poison (safe; 1% risk of failure)
Aiming: Sting (safe; 1% risk of failure)
Aim: an ice dragon (16% to evade)
The sting hits the ice dragon but does no damage.
The ice dragon is poisoned.
The ice dragon misses you. The ice dragon claws you!
The ice dragon completely misses you.
Casting: Sting (safe; 1% risk of failure)
Aiming: Sting (safe; 1% risk of failure)
Aim: an ice dragon (poisoned, 16% to evade)
The sting hits the ice dragon.
The ice dragon partially resists.
The ice dragon breathes frost at you. The blast of cold hits you!!!
Ouch! That really hurt!
You die...

....#.#.#...#.#.#..........#####
....#############..............#
...............................#
...............................#
...........................#####
......########......#......#
###..##$$$$. ##.8..##......# ,
#.## ......##...##.......# #.#
**#...D@##........#### , #.##
......#####............#
#..##$$$$.##.......########.###
,#...#######........# #...# ,
#..................# #...# ,
+..................# #...#
#..................########....
....#######..................<...
....#............................


You could see an ice dragon (poisoned, catching breath).

Vanquished Creatures
  Jorgrun (Orc:1)
  A fire dragon (D:14)
  Fannar (Orc:1)
  3 boulder beetles
  An ice dragon (D:15)
  A centaur warrior (D:12)
  A tengu warrior (D:9)
  2 two-headed ogres
  4 orc high priests
  5 orc knights
  5 ugly things
  3 manticores
  2 cyclopes
  7 orc sorcerers
  A deep elf mage (D:13)
  Psyche (D:10)
  A rime drake (shapeshifter) (D:15)
  2 gargoyles
  A kobold demonologist (D:14)
  3 centaur skeletons
  A tengu conjurer (D:10)
  3 trolls
  Grinder (D:3)
  Prince Ribbit (D:6)
  A shadow (D:13)
  3 wraiths
  6 yaks
  2 wyverns
  A fire elemental (D:13)
  A warg (Orc:2)
  2 soldier ants (D:13)
  2 acid dragons (D:15)
  Duvessa (D:6)
  30 orc warriors
  4 sky beasts
  2 black bears
  A phantom (D:12)
  A necrophage (D:10)
  10 ogres
  7 centaurs
  4 big kobolds
  8 bullfrogs
  A water moccasin zombie (D:8)
  A wyvern skeleton (D:11)
  Dowan (D:6)
  4 scorpions
  A water moccasin skeleton (D:7)
  12 killer bees
  4 howler monkeys
  3 wights
  A bullfrog zombie (D:7)
  4 centaur zombies
  2 hounds
  8 jellies
  24 orc priests
  2 bullfrog skeletons
  6 iguanas
  Natasha (thrice) (D:2 D:3)
  21 orc wizards
  4 worker ants
  A killer bee zombie (D:8)
  3 hound zombies
  A hound skeleton (D:7)
  A howler monkey zombie (D:9)
  2 worker ant zombies
  3 gnolls (D:2)
  A howler monkey skeleton (D:6)
  14 adders
  3 white imps
  3 ufetubi
  An ooze (D:5)
  An adder zombie (D:5)
  3 adder skeletons
  3 worms
  7 leopard geckos
  69 orcs
  12 bats
  5 giant cockroaches
  8 hobgoblins
  10 jackals
  9 quokkas
  2 ball pythons
  7 frilled lizards
  2 goblins (D:1)
  A jackal skeleton (D:5)
  27 kobolds
  2 quokka skeletons
  5 rats
446 creatures vanquished.

Vanquished Creatures (others)
  A warg (Orc:1)
  A bullfrog (D:12)
  An orc wizard (Orc:2)
  An adder (D:12)
  An orc (D:12)
  A kobold (D:11)
  12 fungi (D:11)
  15 plants
33 creatures vanquished.

Grand Total: 479 creatures vanquished

Notes
Turn   | Place    | Note
-------+----------+-------------------------------------------
     0 | D:1      | 112233 the Merfolk Venom Mage began the quest for the Orb.
     0 | D:1      | Reached XP level 1. HP: 13/13 MP: 3/3
   587 | D:1      | Reached XP level 2. HP: 16/20 MP: 0/5
   623 | D:1      | Learned a level 2 spell: Poisonous Vapours
  1156 | D:1      | Reached skill level 1 in Fighting
  1456 | D:2      | Reached XP level 3. HP: 26/26 MP: 1/6
  1710 | D:2      | Noticed Natasha
  1722 | D:2      | Killed Natasha
  1976 | D:2      | Found a glowing golden altar of the Shining One.
  2151 | D:2      | Reached XP level 4. HP: 33/33 MP: 5/8
  2452 | D:2      | Noticed Natasha
  2476 | D:3      | Killed Natasha
  2477 | D:3      | Reached XP level 5. HP: 4/39 MP: 1/9
  3115 | D:3      | Noticed Natasha
  3175 | D:3      | Killed Natasha
  3261 | D:3      | Found a broken altar of Ashenzari.
  3271 | D:3      | Became a worshipper of Ashenzari the Shackled
  3362 | D:3      | Found a faded altar of an unknown god.
  3370 | D:3      | Noticed Grinder
  3380 | D:3      | Paralysed by Grinder for 4 turns
  3389 | D:3      | Killed Grinder
  3390 | D:3      | Reached skill level 5 in Dodging
  3390 | D:3      | Reached XP level 6. HP: 20/47 MP: 8/11
  3839 | D:3      | Found a runed translucent door.
  3840 | D:3      | Noticed Crazy Yiuf
  4514 | D:4      | Reached XP level 7. HP: 53/53 MP: 2/12
  5713 | D:5      | Entered Level 5 of the Dungeon
  5844 | D:5      | Learned a level 3 spell: Ignite Poison
  5844 | D:5      | Found a staircase to the Ecumenical Temple.
  6276 | D:5      | Reached * piety under Ashenzari
  7127 | D:5      | Found a hazy altar of Hepliaklqana.
  7292 | D:6      | Found a radiant altar of Vehumet.
  7413 | D:6      | Reached skill level 5 in Poison Magic
  7573 | D:7      | Reached XP level 8. HP: 61/61 MP: 7/15
  7831 | D:7      | Reached skill level 5 in Fighting
  7949 | D:7      | Reached skill level 5 in Spellcasting
  8401 | D:7      | Found a shimmering altar of Xom.
  8707 | D:6      | Identified the Incunabulum of the Congealing Escort
  9196 | D:6      | Noticed Prince Ribbit
  9202 | D:6      | Killed Prince Ribbit
  9203 | D:6      | Reached XP level 9. HP: 56/69 MP: 6/17
  9328 | D:6      | Identified the +2 hand axe of the Seven Youths {elec, rF-
                  | rC+++ Will- Dex+9}
  9710 | D:6      | Noticed Dowan
  9713 | D:6      | Killed Dowan
  9781 | D:6      | Noticed Duvessa
  9788 | D:6      | Killed Duvessa
  9894 | D:6      | Found a glowing silver altar of Zin.
 10873 | D:8      | Reached ** piety under Ashenzari
 11948 | D:8      | Got the uncursed leather armour of Going Fast {Harm}
 12009 | D:8      | Found a sparkling altar of Nemelex Xobeh.
 12053 | D:8      | Found Desamp's Magic Scroll Emporium.
 12059 | D:8      | Bought a scroll of identify for 26 gold pieces
 12059 | D:8      | Bought a scroll of magic mapping for 45 gold pieces
 12059 | D:8      | Bought a scroll of random uselessness for 13 gold pieces
 12059 | D:8      | Bought a scroll of magic mapping for 45 gold pieces
 12059 | D:8      | Bought a scroll of immolation for 45 gold pieces
 12059 | D:8      | Bought a scroll of amnesia for 45 gold pieces
 12150 | D:8      | Found a shimmering blue altar of Sif Muna.
 12294 | D:8      | Bought a scroll of remove curse for 39 gold pieces
 12616 | D:10     | Entered Level 10 of the Dungeon
 12667 | D:10     | Reached XP level 10. HP: 79/79 MP: 9/20
 13106 | D:9      | Learned a level 4 spell: Olgreb's Toxic Radiance
 13302 | D:9      | Found an ornate altar of the Wu Jian Council.
 13336 | D:9      | Reached skill level 5 in Transmutations
 13340 | D:9      | Learned a level 3 spell: Mephitic Cloud
 13598 | D:9      | Reached skill level 10 in Dodging
 13822 | D:9      | Reached skill level 1 in Air Magic
 14148 | D:10     | Noticed a tengu warrior
 14158 | D:9      | Killed a tengu warrior
 14478 | D:10     | Reached *** piety under Ashenzari
 14543 | D:10     | Noticed Psyche
 14547 | D:10     | Killed Psyche
 15293 | D:11     | Reached skill level 1 in Polearms
 15346 | D:11     | Noticed a boulder beetle
 15414 | D:11     | Noticed a gargoyle
 15419 | D:11     | Found an iron altar of Okawaru.
 15434 | D:11     | Killed a gargoyle
 15570 | D:11     | Noticed a cyclops
 15607 | D:11     | Killed a cyclops
 15608 | D:11     | Reached XP level 11. HP: 47/87 MP: 2/22
 15719 | D:11     | Killed a boulder beetle
 15885 | D:11     | Noticed a red ugly thing
 15895 | D:11     | Killed a red ugly thing
 15896 | D:11     | Reached skill level 5 in Polearms
 16099 | D:11     | Found Akulaj's Jewellery Boutique.
 16113 | D:11     | Noticed a two-headed ogre
 16114 | D:11     | Noticed a boulder beetle
 16118 | D:11     | Killed a two-headed ogre
 16137 | D:11     | Killed a boulder beetle
 16331 | D:11     | Found a staircase to the Lair.
 16380 | D:11     | Noticed a manticore
 16390 | D:11     | Killed a manticore
 16685 | D:11     | Noticed a manticore
 16693 | D:11     | Killed a manticore
 17279 | D:11     | Found a runed translucent door.
 17317 | D:11     | Noticed Quickbrownfox's ghost (journeyman DsIE)
 17511 | D:12     | Found a roughly hewn altar of Beogh.
 17550 | D:12     | Noticed a centaur warrior
 17552 | D:12     | Noticed a boulder beetle
 18036 | D:12     | Noticed a manticore
 18041 | D:12     | Killed a manticore
 18396 | D:12     | Killed a boulder beetle
 18687 | D:13     | Got the uncursed ring mail of Zin's Regard {Rampage Will+}
 18728 | D:13     | Reached **** piety under Ashenzari
 18921 | D:13     | Noticed a cyclops
 18927 | D:13     | Killed a cyclops
 18928 | D:13     | Reached XP level 12. HP: 96/96 MP: 9/24
 20425 | D:14     | Noticed a fire dragon
 20455 | D:14     | Killed a fire dragon
 20602 | D:14     | Identified the ring "Siliol" {rPois rC- MP+9 Dex+4}
 21229 | D:12     | Killed a centaur warrior
 21230 | D:12     | Reached skill level 10 in Fighting
 21356 | D:12     | Learned a level 6 spell: Freezing Cloud
 21363 | D:12     | Learned a level 6 spell: Shadow Creatures
 21947 | D:12     | Found a staircase to the Orcish Mines.
 22069 | D:12     | Noticed an eight-headed hydra
 22440 | D:12     | Reached skill level 10 in Polearms
 22440 | D:12     | Reached skill level 1 in Ice Magic
 22518 | D:12     | Identified the Tome of Beyond
 22523 | D:12     | Noticed a four-headed hydra
 22608 | Orc:1    | Entered Level 1 of the Orcish Mines
 22608 | Orc:1    | Noticed Jorgrun
 22618 | Orc:1    | Killed Jorgrun
 22619 | Orc:1    | Reached skill level 1 in Conjurations
 22619 | Orc:1    | Reached skill level 1 in Summonings
 22704 | Orc:1    | Reached skill level 5 in Air Magic
 23091 | Orc:1    | Reached XP level 13. HP: 88/104 MP: 8/26
 23110 | Orc:1    | Noticed Fannar
 23381 | Orc:1    | Killed Fannar
 23614 | Orc:1    | Found Userabro's Gadget Boutique.
 23620 | Orc:1    | Bought a condenser vane for 720 gold pieces
 23769 | Orc:2    | Entered Level 2 of the Orcish Mines
 23943 | Orc:2    | Reached ***** piety under Ashenzari
 23960 | Orc:2    | Found a bloodstained altar of Trog.
 24551 | Orc:2    | Found a staircase to the Elven Halls.
 24649 | Orc:2    | Reached skill level 1 in Evocations
 24718 | Orc:2    | Found Dachaumu's Magic Scroll Shoppe.
 24729 | Orc:2    | Found Nezeuc's Antique Armour Shop.
 25053 | Orc:2    | Found Nozytaas's Jewellery Shoppe.
 25054 | Orc:2    | Found Jago's Gadget Shop.
 25470 | Orc:2    | Gained mutation: You are weak. (Str -2) [a neqoxec]
 26327 | D:15     | Entered Level 15 of the Dungeon
 27309 | D:15     | Noticed an ice dragon
 27309 | D:15     | Noticed an ice dragon
 27318 | D:15     | Killed an ice dragon
 27321 | D:15     | Killed from afar by an ice dragon

Illustrated notes

Levels and vault maps discovered:
D:1:      onia_arrival_pentagram, layout_basic
D:2:      layout_loops_ring, tso_oasis_becter, uniq_natasha
D:3:      layout_loops_ring, cheibrodos_ashenzari_chains,
          chequers_ecumenical_altar_simple, uniq_crazy_yiuf_cottage,
          uniq_grinder
D:4:      layout_cave_pools
D:5:      layout_basic, nzn_hepliaklqana_mist_gate,
          minmay_temple_entry_large_hall
D:6:      layout_gridville, lemuel_round_altar, zin_treasury, st_stairs_4,
          uniq_duvessa, uniq_prince_ribbit1
D:7:      layout_loops_ring, kennysheep_mini, nrook_mini_vaults
D:8:      layout_basic, lemuel_blue_sif_altar,
          nemelex_xobeh_ov_fountains_minmay, serial_shops, shop
D:9:      layout_cave_pools, nzn_wu_jian_council_hall
D:10:     layout_gridville, uniq_psyche
D:11:     layout_loops_ring, grunt_lair_entry_orc_guard_hut, serial_shops,
          nicolae_shop_temple_entry_statues_fountains,
          ebering_ghost_reflecting_pool, basic_altar
D:12:     layout_roguey, david_orc_5
D:13:     layout_grid_maze
D:14:     dragon1_lemuel, layout_basic, erik_vaults_2,
          nicolae_tso_swordbearing_angel
D:15:     grunt_enter_depths_hoard, layout_irregular_city,
          minmay_misc_feat_alley, roderic_roman_lattice, st_stairs_12,
          chequers_serial_rivers_micro_d, minmay_misc_feat_hallway,
          ldierk_geyser, drop_trap, minmay_microvault
Orc:1:    layout_caves, serial_shops, shop, nicolae_orc_bridge_out,
          nicolae_orc_rockfall, uniq_jorgrun, uniq_fannar
Orc:2:    st_orc_elflike, layout_caves, basic_altar

Skill      XL: |  1  2  3  4  5  6  7  8  9 10 11 12 13 |
---------------+----------------------------------------+-----
Dodging        | 3 4 5 6 8 9 10 11 12 | 12.9
Fighting       | 1 2 3 4 6 7 8 9 10 | 10.9
Spellcasting   | 3 4 5 6 7 8 9 |  9.5
Poison Magic   | 4 5 6 |  6.9
Transmutations | 4 6 8 9 |  9.0
Air Magic      | 2 4 5 |  5.8
Polearms       | 3 8 10 12 | 12.4
Ice Magic      | 2 4 |  4.2
Conjurations   | 1 3 |  3.1
Summonings     | 2 3 |  3.7
Evocations     | 2 |  2.5
Stealth        | |  2.1

Action                   |  1- 3 |  4- 6 |  7- 9 | 10-12 | 13-15 || total
-------------------------+-------+-------+-------+-------+-------++-------
Melee: Short sword       |    12 |    29 |   158 |   218 |       ||   417
       Hand axe          |       |       |       |    79 |       ||    79
       Bardiche          |       |       |       |     3 |    96 ||    99
 Cast: Sting             |    41 |    21 |    50 |    74 |    12 ||   198
       Poisonous Vapours |    17 |    32 |   214 |   234 |    97 ||   594
       Ignite Poison     |       |       |     3 |    55 |    31 ||    89
       Olgreb's Toxic Ra |       |       |       |    24 |     9 ||    33
       Mephitic Cloud    |       |       |       |     4 |     2 ||     6
Invok: Curse Item        |       |     1 |     4 |     2 |       ||     7
Evoke: Wand              |       |     5 |       |    23 |       ||    28
       Phial of floods   |       |       |       |     1 |       ||     1
       Condenser vane    |       |       |       |       |     1 ||     1
  Use: Potion            |     4 |     1 |     1 |     6 |     1 ||    13
       Scroll            |       |       |       |    19 |     5 ||    24
 Stab: Paralysed         |       |     3 |       |    14 |       ||    17
       Sleeping          |       |       |     4 |     1 |       ||     5
       Distracted        |       |       |       |       |     1 ||     1
Armor: Robe              |     6 |     6 |    61 |    79 |    14 ||   166
       Skin              |       |       |       |    18 |       ||    18
Dodge: Dodged            |    23 |    40 |   269 |   428 |   166 ||   926
